 Dungeon Crawl Stone Soup version 0.18-a0-1572-g0a86841 (webtiles) character file.

338 M4edhros the Poker (level 6, 20/37 HPs)
             Began as an Octopode Chaos Knight on Mar 15, 2016.
             Starved to death
             ... on level 3 of the Dungeon.
             The game lasted 00:04:54 (4030 turns).

M4edhros the Poker (Octopode Chaos Knight)          Turns: 4030, Time: 00:04:54

Health: 20/37      AC:  1    Str: 14    XL:     6   Next: 55%
Magic:  6/6        EV: 13    Int: 14    God:    Xom [....*.]
Gold:   164        SH:  0    Dex: 15    Spells: 0 memorised, 5 levels left

rFire  . . .     SeeInvis .     m - +1 spear
rCold  . . .     Gourm    .     (no shield)
rNeg   . . .     Faith    .     (helmet restricted)
rPois  .         Spirit   .     (no amulet)
rElec  .         Dismiss  .     c - ring of stealth
rCorr  .         Reflect  .     (no ring)
SustAt .         Harm     .     (no ring)
MR     .....                    (no ring)
Stlth  +++.......               (no ring)
                                (no ring)
                                (no ring)
                                (no ring)

@: fainting, not resistant to hostile enchantments, fairly stealthy
A: almost no armour, amphibious, 8 rings, constrict 8, tentacle spike 1,
camouflage 1, agile 1, frail 1, strong 1, gelatinous body 1
a: Renounce Religion


You were on level 3 of the Dungeon.
You worshipped Xom.
You were a beloved toy of Xom.
You were fainting.

You visited 1 branch of the dungeon, and saw 3 of its levels.
You also visited: Sewer.

You collected 164 gold pieces.

Inventory:

Hand Weapons
 a - a +0 spear of chaos
 m - a +1 spear (weapon)
 n - a +0 hunting sling of evasion
Missiles
 i - 4 javelins
 k - 110 stones (quivered)
Jewellery
 c - a ring of stealth (left tentacle)
Scrolls
 s - 4 scrolls of identify
Potions
 e - 8 potions of might
 f - a potion of brilliance
 h - a potion of haste {unknown}
 p - a potion of mutation {unknown}
 q - 2 potions of curing {unknown}
 t - 4 potions of heal wounds {unknown}
 u - a potion of flight {unknown}
Comestibles
 b - 4 bread rations
 d - 3 fruits
 j - a slice of pizza
 l - a meat ration


   Skills:
 - Level 3.0 Fighting
 + Level 7.1 Polearms
 - Level 2.3 Dodging


You had 5 spell levels left.
You didn't know any spells.

Dungeon Overview and Level Annotations

Branches:
Dungeon (3/15)

Altars:
Cheibriados
Elyvilon
The Shining One


Innate Abilities, Weirdness & Mutations

You cannot wear most types of armour.
You are amphibious.
You can wear up to eight rings at the same time.
You can use your tentacles to constrict eight enemies at once.
Your skin changes colour to match your surroundings (Stealth).
Your rubbery body absorbs attacks (AC +1).
One of your tentacles bears a spike.
You are agile. (Dex +2)
You are frail (-10% HP).
Your muscles are strong. (Str +2)


Message History

You swing at nothing.
You swing at nothing.
You swing at nothing.
You swing at nothing.
You swing at nothing.
You swing at nothing.
You swing at nothing.
Xom smiles on you. Something appears before you!
g - a scroll labeled QIHE KAFEBUON You swing at nothing.
You swing at nothing.
Read which item? (? for menu, Esc to quit)
As you read the scroll labeled QIHE KAFEBUON, it crumbles to dust.
You assume a fearsome visage.
Nothing appears to happen.
It was a scroll of fear.
You swing at nothing.
You have starved to death.
You die...
Xom howls with laughter!

.###.## ######.#.._..## #.#
## #..# #######.......#####.#
#..#########.###.#.....#.#
####...########...#.#.###.#.#
...#.#.########)#.#.#.#[#.#.#
##.#.#..######......#.#.#.#.#
.#.#.##.######......#...#.#.#
...#........##......###.#.#.#
########.##.##..@.........#.#
...................####.###.#
#########.#.#.......###.# #.#
# #.........#.#.#.......# #.#
# #.#####...#.#.#.#########.#
# #.#####...#.#.#......)....#
# #.#####.#.#.#.#.###########
# #.#####.#...#.#.######
###.#.....#...#.#.#####


There were no monsters in sight!

Vanquished Creatures
  A big kobold (Sewer)
  Ijyb (D:2)
  9 adders
  5 river rats
  2 oozes
  2 worms (D:2)
  2 dart slugs
  4 giant geckos
  4 orcs
  4 ball pythons (Sewer)
  10 bats
  4 giant cockroaches
  8 goblins
  6 hobgoblins
  22 kobolds
  8 giant newts
  27 rats
119 creatures vanquished.

Vanquished Creatures (others)
  A kobold (Sewer)
1 creature vanquished.

Grand Total: 120 creatures vanquished

Notes
Turn   | Place    | Note
--------------------------------------------------------------
     0 | D:1      | M4edhros the Octopode Chaos Knight began the quest for the Orb.
     0 | D:1      | Reached XP level 1. HP: 16/16 MP: 1/1
    69 | D:1      | XOM: smoke on damage
   155 | D:1      | Reached XP level 2. HP: 21/21 MP: 2/2
   271 | D:1      | Found a glowing golden altar of the Shining One.
   305 | D:1      | XOM: divination: magic mapping
   503 | D:1      | Reached skill level 4 in Polearms
   503 | D:1      | Reached XP level 3. HP: 26/26 MP: 3/3
   677 | D:2      | XOM: harmless Trmt miscast
   712 | D:2      | XOM: divination: detect creatures
   950 | D:2      | XOM: mild Summ miscast
  1282 | D:2      | XOM: 1-stop teleportation journey
  1311 | D:2      | Found a white marble altar of Elyvilon.
  1366 | D:2      | XOM: polymorph bat -> river rat
  1513 | D:2      | XOM: butterfly on damage
  1523 | D:2      | Noticed Ijyb
  1531 | D:2      | Killed Ijyb
  1531 | D:2      | Reached skill level 5 in Polearms
  1531 | D:2      | Reached XP level 4. HP: 16/31 MP: 4/4
  1591 | D:2      | XOM: 1-stop teleportation journey
  1968 | D:2      | Reached XP level 5. HP: 31/36 MP: 5/5
  2217 | D:3      | Found a glowing drain.
  2223 | D:3      | XOM: cast spell 'Dragon Form'
  2234 | Sewer    | Entered a sewer
  2258 | Sewer    | Reached skill level 6 in Polearms
  2271 | Sewer    | XOM: polymorph kobold -> orc
  2311 | Sewer    | Noticed a big kobold
  2326 | Sewer    | XOM: colour smoke trail
  2336 | Sewer    | XOM: confuse monster(s)
  2350 | Sewer    | Killed a big kobold
  2350 | Sewer    | Reached XP level 6. HP: 35/42 MP: 6/6
  2361 | Sewer    | XOM: 4-stop teleportation journey
  2409 | Sewer    | XOM: colour smoke trail
  2502 | Sewer    | XOM: give mutation
  2502 | Sewer    | Gained mutation: You are frail (-10% HP). [Xom's mischief]
  2813 | Sewer    | Reached skill level 7 in Polearms
  2950 | Sewer    | XOM: harmless Summ miscast
  3182 | D:3      | Found a snail-covered altar of Cheibriados.
  3436 | D:3      | XOM: colour smoke trail
  3578 | D:3      | Noticed a phantom
  3587 | D:3      | XOM: medium Summ miscast
  3588 | D:3      | Noticed a small abomination
  3588 | D:3      | Noticed a small abomination
  3588 | D:3      | Noticed a small abomination
  3591 | D:3      | XOM: summons 3 friendly demons
  3607 | D:3      | HP: 1/55 [small abomination[the capriciousness of Xom] (23)]
  3607 | D:3      | XOM: butterfly on damage
  3715 | D:3      | XOM: vitrification
  3969 | D:3      | Paralysed by fainting for 8 turns
  4002 | D:3      | XOM: give mutations
  4002 | D:3      | Gained mutation: You are agile. (Dex +2) [Xom's grace]
  4002 | D:3      | Gained mutation: Your muscles are strong. (Str +2) [Xom's grace]
  4002 | D:3      | Gained mutation: One of your tentacles bears a spike. [Xom's grace]
  4025 | D:3      | XOM: god gift: scroll labeled QIHE KAFEBUON
  4030 | D:3      | Starved to death

Vault maps used:
D:1:      lightli_iron_boxes, tso_metal_star
D:2:      lemuel_crystal_altar, uniq_iyjb
D:3:      cheibriados_altar_1, portal_sewer_entry_f, first_bread
Sewer:    sewer_minmay_treatment

Skill      XL: |  1  2  3  4  5  6 |
---------------+-------------------+-----
Polearms       | 4 5 6 7 |  7.1
Fighting       | |  3.0
Dodging        | |  2.3

Action                   |  1- 3 |  4- 6 || total
-------------------------+-------+-------++-------
Melee: Spear             |    63 |   190 ||   253
       Hunting sling     |     8 |       ||     8
       Unarmed           |       |    20 ||    20
 Fire: Hunting sling     |    26 |       ||    26
  Use: Scroll            |     4 |     5 ||     9
       Potion            |       |     2 ||     2
 Stab: Sleeping          |    18 |    17 ||    35
       Distracted        |     1 |       ||     1
       Confused          |       |     4 ||     4
  Eat: Chunk             |     2 |     6 ||     8
